[Event "Niedersachsen Jubilaeumsturnier Open A 2"]
[Site "Wolfsburg"]
[Date "2024.11.15"]
[Round "1.1"]
[White "Paashaus, Detlef"]
[Black "Poetsch, Hagen"]
[Result "0-1"]
[ECO "B28"]
[WhiteElo "1934"]
[BlackElo "2502"]
[Annotator "TA"]
[PlyCount "44"]
[EventDate "2024.11.15"]
[EventCountry "GER"]
[SourceTitle "playchess.com"]
[Source "ChessBase"]
[SourceQuality "1"]
[TimeControl "5400+30"]

1. e4 c5 2. Nf3 a6 3. c4 Nc6 4. d4 cxd4 5. Nxd4 e5 6. Nc2 Bc5 7. Be3 Bxe3 8. Nxe3 d6 {[%emt 0:01:29] The position is equal.} 9. Nc3 Nge7 10. Bd3 O-O 11. O-O Nd4 12. Ne2 Ne6 13. Nd5 Ng6 14. Qd2 a5 15. f4 exf4 16. Nexf4 Ne5 17. Rac1 Nc5 18. Bb1 Be6 19. Rc3 Qh4 20. Nxe6 $2 (20. Rg3 $14 Ng6 21. b3) 20... fxe6 $17 21. Rxf8+ (21. Nf4 $17 {was called for.}) 21... Rxf8 $19 22. Rh3 $2 {[%emt 0:00:57] [#]} (22. Nc7) 22... Qxh3 $3 {[%emt 0:00:42][%mdl 512] Weighted Error Value: White=0.71/Black=0.11 (very precise) .  Mistake:       	White=3     	---        Inaccurate:     	White=2     	Black=1      OK:         	White=3     	---        Brilliant:      	---       	Black=1} 0-1

[Event "Niedersachsen Jubilaeumsturnier Open A 2"]
[Site "Wolfsburg"]
[Date "2024.11.15"]
[Round "1.2"]
[White "Bogdanov, Egor"]
[Black "Heirich, Andreas"]
[Result "1-0"]
[ECO "B18"]
[WhiteElo "2476"]
[BlackElo "1933"]
[Annotator "RC"]
[PlyCount "73"]
[EventDate "2024.11.15"]
[EventCountry "GER"]
[SourceTitle "playchess.com"]
[Source "ChessBase"]
[SourceQuality "1"]
[TimeControl "5400+30"]

1. e4 c6 2. d4 d5 3. Nc3 dxe4 4. Nxe4 Bf5 5. Ng3 Bg6 6. Nh3 e6 7. Nf4 Bd6 8. Ngh5 Bxf4 9. Nxf4 Ne7 10. Be2 Nd7 11. O-O O-O 12. Nxg6 hxg6 13. c3 Qc7 14. Bg5 Nf6 15. Bf3 Nh7 16. Bd2 Nf6 17. g3 Rad8 18. Bf4 Qb6 19. Qc2 Nfd5 20. Bg5 Qc7 21. Rad1 Qa5 22. Bxd5 Nxd5 23. Bxd8 Qxd8 24. c4 Nf6 25. Rfe1 Nh5 26. Qb3 Qg5 27. Qxb7 Nf4 28. Qxc6 Nh3+ 29. Kg2 Qf5 30. Qf3 Ng5 31. Qxf5 gxf5 32. d5 exd5 33. Rxd5 g6 34. Re7 Rc8 35. b3 Kf8 36. Rxa7 Re8 37. h4 1-0

[Event "Niedersachsen Jubilaeumsturnier Open A 2"]
[Site "Wolfsburg"]
[Date "2024.11.15"]
[Round "1.3"]
[White "Bangert, Jonas"]
[Black "Richter, Michael"]
[Result "0-1"]
[ECO "D31"]
[WhiteElo "1914"]
[BlackElo "2413"]
[Annotator "RC"]
[PlyCount "48"]
[EventDate "2024.11.15"]
[EventCountry "GER"]
[SourceTitle "playchess.com"]
[Source "ChessBase"]
[SourceQuality "1"]
[TimeControl "5400+30"]

1. d4 d5 2. c4 e6 3. Nc3 c6 4. Nf3 dxc4 5. a4 Bb4 6. e4 b5 7. Be2 Bb7 8. O-O a6 9. Qc2 Ne7 10. Bf4 Ng6 11. Bg3 Nd7 12. d5 O-O 13. dxc6 Bxc6 14. Nd4 Qb6 15. Rfd1 Be7 16. Na2 Nc5 17. Nxc6 Qxc6 18. f3 Nb3 19. Rab1 Bc5+ 20. Kf1 Ba7 21. Qc3 Qc5 22. Ke1 Nf4 23. Bf1 Bb6 24. Qc2 Qe3+ 0-1

[Event "Niedersachsen Jubilaeumsturnier Open A 2"]
[Site "Wolfsburg"]
[Date "2024.11.15"]
[Round "1.4"]
[White "Helmer, Jan"]
[Black "Hammerl, Jonas"]
[Result "1-0"]
[ECO "A41"]
[WhiteElo "2226"]
[BlackElo "1914"]
[Annotator "RC"]
[PlyCount "69"]
[EventDate "2024.11.15"]
[EventCountry "GER"]
[SourceTitle "playchess.com"]
[Source "ChessBase"]
[SourceQuality "1"]
[TimeControl "5400+30"]

1. d4 d6 2. Nf3 g6 3. g3 Nd7 4. Bg2 c5 5. O-O Bg7 6. c3 Ngf6 7. Nbd2 d5 8. Re1 O-O 9. e4 dxe4 10. Nxe4 Nxe4 11. Rxe4 cxd4 12. Nxd4 Nc5 13. Re1 e5 14. Nb3 Nd3 15. Rf1 Nxc1 16. Rxc1 Qc7 17. Qd5 Rb8 18. Rcd1 b6 19. Qd6 Qxd6 20. Rxd6 Bg4 21. h3 Be6 22. Rfd1 Bf6 23. Bd5 Be7 24. Rc6 Bxh3 25. Rc7 Bg5 26. Rxa7 Bg4 27. Re1 Bf6 28. Nd2 Rbd8 29. c4 Bg7 30. Ne4 Rd7 31. Rxd7 Bxd7 32. Re3 Rd8 33. Rb3 Rb8 34. c5 b5 35. c6 1-0

[Event "Niedersachsen Jubilaeumsturnier Open A 2"]
[Site "Wolfsburg"]
[Date "2024.11.15"]
[Round "1.5"]
[White "Wusterack, Paul"]
[Black "Riemay, David"]
[Result "0-1"]
[ECO "A41"]
[WhiteElo "1891"]
[BlackElo "2204"]
[Annotator "RC"]
[PlyCount "80"]
[EventDate "2024.11.15"]
[EventCountry "GER"]
[SourceTitle "playchess.com"]
[Source "ChessBase"]
[SourceQuality "1"]
[TimeControl "5400+30"]

1. Nf3 d6 2. e3 e5 3. d4 e4 4. Nfd2 f5 5. c4 c5 6. d5 g6 7. Nc3 Bg7 8. Qa4+ Bd7 9. Qc2 Nf6 10. Be2 O-O 11. O-O Na6 12. a3 Rb8 13. Rb1 Kh8 14. f3 exf3 15. Bxf3 Qe7 16. Re1 Rbe8 17. Nf1 Ng4 18. Bd2 Qh4 19. g3 Qe7 20. Bg2 Ne5 21. Ne2 b5 22. b3 g5 23. Rbd1 Qf7 24. Nc1 Qh5 25. Bc3 Nf3+ 26. Bxf3 Qxf3 27. Bxg7+ Kxg7 28. Qg2 Qg4 29. Nd2 bxc4 30. Nxc4 Rf6 31. Nd3 Nc7 32. Nf2 Qh5 33. e4 Nb5 34. exf5 Nc3 35. g4 Nxd1 36. Rxd1 Qh4 37. Ne4 Rxe4 38. Qxe4 Bxf5 39. Qg2 Bxg4 40. Rf1 Bh3 0-1

[Event "Niedersachsen Jubilaeumsturnier Open A 2"]
[Site "Wolfsburg"]
[Date "2024.11.15"]
[Round "1.6"]
[White "Lichtmannecker, Daniel"]
[Black "Harms, Friedjof"]
[Result "1-0"]
[ECO "C78"]
[WhiteElo "2194"]
[BlackElo "1891"]
[Annotator "RC"]
[PlyCount "99"]
[EventDate "2024.11.15"]
[EventCountry "GER"]
[SourceTitle "playchess.com"]
[Source "ChessBase"]
[SourceQuality "1"]
[TimeControl "5400+30"]

1. e4 e5 2. Nf3 Nc6 3. Bb5 a6 4. Ba4 Bc5 5. O-O b5 6. Bb3 Nf6 7. Re1 O-O 8. c3 d6 9. d4 Bb6 10. h3 h6 11. Be3 Re8 12. Nbd2 Bb7 13. d5 Na5 14. Bxb6 cxb6 15. Bc2 Rc8 16. Qe2 Nc4 17. Nxc4 bxc4 18. Nd2 b5 19. Qe3 Qc7 20. f4 Qc5 21. Qxc5 Rxc5 22. fxe5 dxe5 23. a4 Rcc8 24. axb5 axb5 25. Ra5 b4 26. cxb4 c3 27. Nb3 cxb2 28. Nc5 Bxd5 29. exd5 Nxd5 30. Bf5 Ra8 31. Rxe5 Nc3 32. Na4 Nxa4 33. Rxa4 g6 34. Rxa8 Rxa8 35. Bb1 Rd8 36. Kf2 Rd1 37. Re1 Rd4 38. b5 Rd5 39. b6 Rb5 40. Re8+ Kg7 41. Rb8 Rf5+ 42. Ke2 Kf6 43. b7 Rb5 44. Kd2 Ke7 45. Kc2 Kd7 46. Rf8 Kc7 47. Rxf7+ Kb8 48. Ba2 Rg5 49. Kb1 Rxg2 50. Rf8+ 1-0

[Event "Niedersachsen Jubilaeumsturnier Open A 2"]
[Site "Wolfsburg"]
[Date "2024.11.15"]
[Round "1.7"]
[White "Alpers, Arne"]
[Black "Moser, Axel"]
[Result "0-1"]
[ECO "E11"]
[WhiteElo "1885"]
[BlackElo "2149"]
[Annotator "RC"]
[PlyCount "162"]
[EventDate "2024.11.15"]
[EventCountry "GER"]
[SourceTitle "playchess.com"]
[Source "ChessBase"]
[SourceQuality "1"]
[TimeControl "5400+30"]

1. d4 Nf6 2. c4 e6 3. Nf3 Bb4+ 4. Bd2 Qe7 5. a3 Bxd2+ 6. Qxd2 d6 7. Nc3 O-O 8. g3 e5 9. Bg2 Re8 10. O-O e4 11. Ng5 Bf5 12. Qf4 Bg6 13. f3 exf3 14. Nxf3 c6 15. Nh4 Qe3+ 16. Qxe3 Rxe3 17. Nxg6 hxg6 18. Rae1 Nbd7 19. Nd1 Re7 20. e4 c5 21. e5 dxe5 22. dxe5 Nxe5 23. Re2 Rae8 24. Rfe1 Kf8 25. Bxb7 Nxc4 26. Rxe7 Rxe7 27. Rxe7 Kxe7 28. Ba6 Ne5 29. Ne3 Kd6 30. h3 Ne4 31. g4 Nd2 32. Kf2 Ne4+ 33. Kg2 Kc6 34. Nc4 Kd5 35. b3 Kd4 36. Nxe5 Kxe5 37. Kf3 Nd2+ 38. Ke3 Nxb3 39. Bc4 Nd4 40. Bxf7 Kf6 41. Be8 Nc2+ 42. Kd3 Nxa3 43. Kc3 a6 44. Bc6 Ke5 45. Bb7 Nb5+ 46. Kd3 Nc7 47. Kc4 Kd6 48. g5 Ne6 49. Bxa6 Nxg5 50. Bc8 Nf3 51. Kd3 Kc7 52. Be6 Kd6 53. Bc8 Ne5+ 54. Ke4 Nc6 55. Ba6 Nb4 56. Bc4 Nc6 57. Bf7 Ne5 58. Be8 g5 59. Bb5 Ke6 60. Be2 c4 61. Kd4 Kf5 62. Bd1 Kf4 63. Be2 g6 64. Bd1 Nd3 65. Bg4 Kg3 66. Be6 Nf4 67. Bxc4 Nxh3 68. Ke3 g4 69. Be6 Nf4 70. Bd7 Nd5+ 71. Kd4 Nf6 72. Bc6 Kf4 73. Kd3 g5 74. Ke2 Kg3 75. Kf1 Kh2 76. Bb7 g3 77. Bf3 Ng4 78. Bb7 g2+ 79. Bxg2 Ne3+ 80. Kf2 Nxg2 81. Kf3 Kh3 0-1

[Event "Niedersachsen Jubilaeumsturnier Open A 2"]
[Site "Wolfsburg"]
[Date "2024.11.15"]
[Round "1.8"]
[White "Peters, Tom"]
[Black "Kozik, Andreas"]
[Result "1-0"]
[ECO "C10"]
[WhiteElo "2148"]
[BlackElo "1884"]
[Annotator "RC"]
[PlyCount "79"]
[EventDate "2024.11.15"]
[EventCountry "GER"]
[SourceTitle "playchess.com"]
[Source "ChessBase"]
[SourceQuality "1"]
[TimeControl "5400+30"]

1. e4 e6 2. d4 d5 3. Nc3 Nc6 4. e5 a6 5. Nf3 f6 6. Bd3 fxe5 7. Nxe5 Nxe5 8. dxe5 Qe7 9. Ne2 Bd7 10. c3 O-O-O 11. b4 Nh6 12. Bxh6 gxh6 13. f4 Qg7 14. O-O Be7 15. Nd4 Rdf8 16. Qe2 Rhg8 17. g3 Kd8 18. Rab1 Bh4 19. Rf3 Qg4 20. Kh1 Be7 21. Bxh7 Rg7 22. Bd3 h5 23. Qg2 Rgg8 24. Rbf1 Qg7 25. Re1 h4 26. f5 exf5 27. e6 Be8 28. Bxf5 c6 29. g4 h3 30. Rxh3 Qg5 31. Rf3 Rh8 32. h3 Rh4 33. Rg3 Rfh8 34. Nf3 Qh6 35. Nxh4 Bxh4 36. e7+ Kc7 37. Re6 Qc1+ 38. Qg1 Qg5 39. Rge3 Qf4 40. Qh2 1-0

[Event "Niedersachsen Jubilaeumsturnier Open A 2"]
[Site "Wolfsburg"]
[Date "2024.11.15"]
[Round "1.9"]
[White "Costello, Colin A"]
[Black "Laube, Reiner"]
[Result "0-1"]
[ECO "A21"]
[WhiteElo "1877"]
[BlackElo "2140"]
[Annotator "RC"]
[PlyCount "74"]
[EventDate "2024.11.15"]
[EventCountry "GER"]
[SourceTitle "playchess.com"]
[Source "ChessBase"]
[SourceQuality "1"]
[TimeControl "5400+30"]

1. c4 f5 2. Nf3 Nf6 3. Nc3 g6 4. g3 Bg7 5. Bg2 O-O 6. O-O d6 7. d3 e5 8. Rb1 c6 9. b4 Qc7 10. b5 h6 11. Qa4 Nfd7 12. Qc2 Nc5 13. Nd2 Be6 14. Ba3 Nbd7 15. Nb3 Bf7 16. Nxc5 Nxc5 17. Bxc5 dxc5 18. bxc6 bxc6 19. e4 f4 20. Rb3 Be6 21. Rfb1 f3 22. Rb7 Qd6 23. Bf1 Bc8 24. R7b3 h5 25. Qb2 Bd7 26. Rb7 h4 27. Na4 hxg3 28. hxg3 Rfd8 29. Qa3 Bf8 30. Nc3 a5 31. Na4 Bc8 32. R7b2 Ra7 33. Qb3 Bg4 34. Qb6 Rh7 35. Nxc5 g5 36. Qxd8 Qxd8 37. Rb8 Qd6 0-1

[Event "Niedersachsen Jubilaeumsturnier Open A 2"]
[Site "Wolfsburg"]
[Date "2024.11.15"]
[Round "1.10"]
[White "Lippert, Daniel"]
[Black "Rademacher, Bengt"]
[Result "1-0"]
[ECO "B12"]
[WhiteElo "2128"]
[BlackElo "1876"]
[Annotator "RC"]
[PlyCount "176"]
[EventDate "2024.11.15"]
[EventCountry "GER"]
[SourceTitle "playchess.com"]
[Source "ChessBase"]
[SourceQuality "1"]
[TimeControl "5400+30"]

1. e4 c6 2. d4 d5 3. e5 c5 4. Nf3 cxd4 5. Nxd4 Nc6 6. Bb5 Bd7 7. e6 fxe6 8. Bxc6 bxc6 9. Qh5+ g6 10. Qe5 Nf6 11. Nxe6 Bxe6 12. Qxe6 Qd7 13. Qe2 Bg7 14. O-O O-O 15. Nd2 e5 16. b3 Rae8 17. Ba3 Rf7 18. Rad1 Qf5 19. c4 d4 20. Qf3 e4 21. Qxf5 gxf5 22. Rfe1 f4 23. b4 Rd7 24. Nb3 d3 25. Bb2 e3 26. fxe3 fxe3 27. Bxf6 Bxf6 28. Nc5 Rd4 29. Rxd3 Rxc4 30. Nd7 Bg7 31. a3 Rf4 32. g3 Rf7 33. Re2 Rd8 34. Ne5 Rxd3 35. Nxd3 Bd4 36. Kg2 a5 37. bxa5 Ra7 38. Ne1 Rxa5 39. Nc2 c5 40. Kf3 Kf7 41. Ke4 Kf6 42. Nxd4 cxd4 43. Kxd4 Rxa3 44. Ke4 Kg5 45. Kf3 h5 46. h3 Ra1 47. Rxe3 Kf5 48. Rc3 Ra5 49. Rc2 Ra3+ 50. Kg2 Ra5 51. h4 Rb5 52. Ra2 Rc5 53. Ra6 Rb5 54. Rh6 Ke4 55. Kh3 Ra5 56. Rg6 Rb5 57. Rf6 Ke5 58. Rg6 Ke4 59. Rg7 Rf5 60. Kg2 Ke5 61. Ra7 Kf6 62. Ra6+ Kg7 63. Ra4 Kg6 64. Rf4 Ra5 65. Rf3 Rb5 66. Kf2 Re5 67. Ra3 Rf5+ 68. Ke3 Rb5 69. Ra6+ Kg7 70. Re6 Ra5 71. Kf4 Ra4+ 72. Re4 Ra3 73. Re3 Ra4+ 74. Re4 Ra3 75. Re5 Ra4+ 76. Kg5 Rg4+ 77. Kxh5 Rxg3 78. Re7+ Kf6 79. Re1 Kg7 80. Ra1 Rg2 81. Ra7+ Kf6 82. Kh6 Rg1 83. h5 Rg2 84. Ra8 Kf7 85. Ra6 Rg1 86. Rg6 Rxg6+ 87. hxg6+ Kg8 88. g7 Kf7 1-0

[Event "Niedersachsen Jubilaeumsturnier Open A 2"]
[Site "Wolfsburg"]
[Date "2024.11.15"]
[Round "1.11"]
[White "Poelig, Juergen"]
[Black "Meiwes, Thore"]
[Result "0-1"]
[ECO "C00"]
[WhiteElo "1874"]
[BlackElo "2112"]
[Annotator "RC"]
[PlyCount "120"]
[EventDate "2024.11.15"]
[EventCountry "GER"]
[SourceTitle "playchess.com"]
[Source "ChessBase"]
[SourceQuality "1"]
[TimeControl "5400+30"]

1. Nf3 Nf6 2. g3 b5 3. Bg2 Bb7 4. O-O e6 5. d3 c5 6. e4 d5 7. e5 Nfd7 8. Re1 Be7 9. Nbd2 Nc6 10. Nf1 O-O 11. h4 Qc7 12. Bf4 Rfc8 13. N1h2 Qd8 14. Ng5 h6 15. Ngf3 b4 16. Qd2 Bf8 17. g4 Ne7 18. h5 a5 19. Bh3 c4 20. g5 c3 21. bxc3 hxg5 22. Bxg5 Rxc3 23. Nd4 Rac8 24. Qf4 Qb6 25. Re3 Rxc2 26. Nxc2 Rxc2 27. Rf3 Nf5 28. Bxf5 exf5 29. Qxf5 Qe6 30. d4 Qxf5 31. Rxf5 a4 32. Nf3 Ba6 33. Ne1 Rxa2 34. Rxa2 b3 35. Rxa4 b2 36. Rxa6 b1=Q 37. Rf3 Qxe1+ 38. Kg2 Qe4 39. Ra7 Qxd4 40. Be3 Qe4 41. Bf4 Nc5 42. Bg3 Ne6 43. Raxf7 Bc5 44. R7f5 Nd4 45. R5f4 Nxf3 46. Rxe4 dxe4 47. Kh3 Kf7 48. Kg4 Ke6 49. Kf4 Nxe5 50. Kxe4 Ng4 51. f3 Nf6+ 52. Kd3 Nxh5 53. Bh4 Be7 54. Bf2 Kf5 55. Ke2 Nf4+ 56. Kd2 Bb4+ 57. Kc2 g6 58. Kb3 Nd3 59. Be3 Bc5 60. Bd2 Ne5 0-1

[Event "Niedersachsen Jubilaeumsturnier Open A 2"]
[Site "Wolfsburg"]
[Date "2024.11.15"]
[Round "1.12"]
[White "Ngo, Minh Duc"]
[Black "Thuemler, Floris"]
[Result "1-0"]
[ECO "C84"]
[WhiteElo "2111"]
[BlackElo "1872"]
[Annotator "RC"]
[PlyCount "95"]
[EventDate "2024.11.15"]
[EventCountry "GER"]
[SourceTitle "playchess.com"]
[Source "ChessBase"]
[SourceQuality "1"]
[TimeControl "5400+30"]

1. e4 e5 2. Nf3 Nc6 3. Bb5 a6 4. Ba4 Nf6 5. O-O b5 6. Bb3 Be7 7. d3 d6 8. c3 O-O 9. h3 Nb8 10. a4 Bb7 11. Na3 Nbd7 12. Be3 bxa4 13. Bxa4 d5 14. exd5 Bxd5 15. d4 exd4 16. Nxd4 Nc5 17. Nc6 Qd7 18. Bxc5 Bxc5 19. Nb4 c6 20. Nxd5 Qxd5 21. Qxd5 cxd5 22. Nc2 Rfd8 23. Rfd1 Ne4 24. Nd4 Rab8 25. Ra2 Rxb2 26. Rxb2 Nxc3 27. Nc6 Rc8 28. Rc2 d4 29. Rxd4 Bxd4 30. Rxc3 Bxc3 31. Ne7+ Kf8 32. Nxc8 a5 33. Kf1 f6 34. Ke2 Kf7 35. Bd7 Kg6 36. Nd6 Bb4 37. Nc4 Kg5 38. Kf3 f5 39. Ne3 g6 40. Nd5 Bc5 41. Be8 Bd6 42. Bd7 Bc5 43. Nf4 Bd6 44. Nd3 Bc7 45. Ke3 Bb6+ 46. Kd2 Kf6 47. Kc3 Ke7 48. Ba4 1-0

[Event "Niedersachsen Jubilaeumsturnier Open A 2"]
[Site "Wolfsburg"]
[Date "2024.11.15"]
[Round "1.13"]
[White "Vormann, Dirk"]
[Black "Bruns, Kai-Christian"]
[Result "0-1"]
[ECO "D00"]
[WhiteElo "1869"]
[BlackElo "2088"]
[Annotator "RC"]
[PlyCount "104"]
[EventDate "2024.11.15"]
[EventCountry "GER"]
[SourceTitle "playchess.com"]
[Source "ChessBase"]
[SourceQuality "1"]
[TimeControl "5400+30"]

1. d4 d5 2. Bf4 c5 3. e3 Nc6 4. c3 Bf5 5. Nd2 e6 6. Ngf3 Qb6 7. Qc1 Rc8 8. Be2 Nf6 9. O-O cxd4 10. exd4 Be7 11. Be3 h6 12. Ne5 Bd6 13. Nxc6 bxc6 14. b4 O-O 15. Nb3 Qc7 16. h3 Ne4 17. Nc5 a5 18. Nxe4 Bxe4 19. Qd2 Ra8 20. a3 Ra7 21. Ra2 f6 22. Rfa1 Rfa8 23. Bf1 h5 24. Be2 Qf7 25. f3 Bf5 26. Kh1 Qg6 27. Bf2 Re7 28. c4 dxc4 29. Bxc4 axb4 30. axb4 Rb8 31. Ra8 Reb7 32. Rxb8+ Rxb8 33. Ra6 Rxb4 34. Ba2 Rb8 35. Rxc6 Rd8 36. Qe2 Qe8 37. Ra6 Kh8 38. g4 hxg4 39. hxg4 Bh7 40. Bxe6 Qg6 41. Kg2 Qb1 42. Qa2 Qb7 43. Bd5 Qd7 44. Ra8 Bb8 45. Be6 Qd6 46. Qb3 Re8 47. d5 Bg8 48. Qb5 Qh2+ 49. Kf1 Bg3 50. Ra2 Rb8 51. Qc5 Rb1+ 52. Ke2 Qg2 0-1

[Event "Niedersachsen Jubilaeumsturnier Open A 2"]
[Site "Wolfsburg"]
[Date "2024.11.15"]
[Round "1.14"]
[White "Sreyas Payyappat"]
[Black "Retzlaff, Thomas"]
[Result "1-0"]
[ECO "C14"]
[WhiteElo "2084"]
[BlackElo "1866"]
[Annotator "RC"]
[PlyCount "61"]
[EventDate "2024.11.15"]
[EventCountry "GER"]
[SourceTitle "playchess.com"]
[Source "ChessBase"]
[SourceQuality "1"]
[TimeControl "5400+30"]

1. e4 e6 2. d4 d5 3. Nc3 Nf6 4. Bg5 Be7 5. e5 Nfd7 6. Bxe7 Qxe7 7. Qg4 f5 8. Qg3 O-O 9. f4 c5 10. Nf3 a6 11. h4 cxd4 12. Nxd4 Nc6 13. O-O-O Nxd4 14. Rxd4 b5 15. Qe3 Bb7 16. g4 Nb8 17. gxf5 Rxf5 18. Bh3 Rf8 19. Rg1 Nc6 20. Rd2 d4 21. Qg3 dxc3 22. Bxe6+ Kh8 23. Rd7 cxb2+ 24. Kb1 Qxd7 25. Bxd7 Rf7 26. e6 Re7 27. f5 Nd4 28. Qg5 Nf3 29. Qxe7 Nxg1 30. Be8 h6 31. Qf8+ 1-0

[Event "Niedersachsen Jubilaeumsturnier Open A 2"]
[Site "Wolfsburg"]
[Date "2024.11.15"]
[Round "1.15"]
[White "Wulff, Joerg"]
[Black "Jacobi, Felix-Hagen"]
[Result "0-1"]
[ECO "C01"]
[WhiteElo "1865"]
[BlackElo "2063"]
[Annotator "RC"]
[PlyCount "154"]
[EventDate "2024.11.15"]
[EventCountry "GER"]
[SourceTitle "playchess.com"]
[Source "ChessBase"]
[SourceQuality "1"]
[TimeControl "5400+30"]

1. e4 e6 2. d4 d5 3. Bd3 dxe4 4. Bxe4 Nf6 5. Bf3 Nbd7 6. Ne2 Rb8 7. Be3 b6 8. Qd3 Bb7 9. Bxb7 Rxb7 10. Nbc3 Bd6 11. h3 c6 12. Ne4 Nxe4 13. Qxe4 Rc7 14. Nc3 Qf6 15. Qd3 O-O 16. Ne4 Qe7 17. O-O h6 18. c4 Nf6 19. Rfd1 Rd8 20. Nxf6+ Qxf6 21. Qe4 Rcd7 22. Rd2 Bb4 23. Re2 c5 24. dxc5 Bxc5 25. Bxc5 bxc5 26. Rae1 Qe7 27. Qc2 Rd3 28. Re5 Rd2 29. Qb3 Qc7 30. Qe3 Rxb2 31. Rxc5 Qb8 32. Rb5 Rxb5 33. cxb5 Qxb5 34. Qxa7 Qd5 35. a4 Ra8 36. Qc7 Qd2 37. Rb1 Rxa4 38. Qc8+ Kh7 39. Qc1 Ra2 40. Qc5 Qc2 41. Qb6 Qf5 42. Rf1 e5 43. Qe3 f6 44. Qg3 Rd2 45. Qh4 Rd4 46. Qg3 Rd3 47. Qh4 Qg5 48. Qxg5 hxg5 49. Rc1 Kg6 50. Kh2 Rd7 51. g4 Kf7 52. Rc6 g6 53. Kg3 Rd3+ 54. Kg2 f5 55. gxf5 gxf5 56. Ra6 Rd7 57. Rh6 Re7 58. Rh5 Kg6 59. Rh8 Rf7 60. Rg8+ Kf6 61. Ra8 e4 62. Ra6+ Ke5 63. Kg3 f4+ 64. Kg4 Rg7 65. Ra5+ Kd4 66. Ra4+ Kd3 67. Ra3+ Ke2 68. Ra2+ Kf1 69. Kf5 e3 70. fxe3 fxe3 71. Kf6 Rg8 72. Kf7 Rh8 73. Ra5 Rxh3 74. Rf5+ Kg2 75. Rxg5+ Kf2 76. Ke6 e2 77. Rf5+ Rf3 0-1

[Event "Niedersachsen Jubilaeumsturnier Open A 2"]
[Site "Wolfsburg"]
[Date "2024.11.15"]
[Round "1.16"]
[White "Kieselbach, Marvin"]
[Black "Beckmann, Jonathan"]
[Result "1-0"]
[ECO "A00"]
[WhiteElo "2038"]
[BlackElo "1860"]
[Annotator "RC"]
[PlyCount "83"]
[EventDate "2024.11.15"]
[EventCountry "GER"]
[SourceTitle "playchess.com"]
[Source "ChessBase"]
[SourceQuality "1"]
[TimeControl "5400+30"]

1. a3 a6 2. Nf3 Nf6 3. c4 e6 4. e3 d5 5. b4 dxc4 6. Bxc4 b5 7. Be2 c5 8. bxc5 Bxc5 9. Bb2 O-O 10. O-O Bb7 11. Nd4 Nbd7 12. Bf3 Bxf3 13. Nxf3 Nb6 14. Bd4 Rc8 15. Bxc5 Rxc5 16. d4 Rc7 17. Nbd2 Nc4 18. Nxc4 bxc4 19. Qa4 Qd6 20. Rfc1 Rfc8 21. Ne5 c3 22. Rc2 Nd5 23. Rac1 f6 24. Nd3 e5 25. Qb3 Rc4 26. Nc5 Rxd4 27. exd4 exd4 28. Nd3 Kh8 29. Re2 h5 30. Re4 Ne7 31. Qf7 Nf5 32. Qxh5+ Nh6 33. Re8+ Rxe8 34. Qxe8+ Kh7 35. Qe4+ f5 36. Qe5 Qb6 37. Qc5 Qf6 38. Ne5 Ng4 39. Nxg4 fxg4 40. Rd1 Qf4 41. Qxd4 c2 42. Qd3+ 1-0

[Event "Niedersachsen Jubilaeumsturnier Open A 2"]
[Site "Wolfsburg"]
[Date "2024.11.15"]
[Round "1.17"]
[White "Gersemann, Karl"]
[Black "Stoeber, Alexander"]
[Result "1-0"]
[ECO "B27"]
[WhiteElo "1852"]
[BlackElo "2018"]
[Annotator "RC"]
[PlyCount "95"]
[EventDate "2024.11.15"]
[EventCountry "GER"]
[SourceTitle "playchess.com"]
[Source "ChessBase"]
[SourceQuality "1"]
[TimeControl "5400+30"]

1. e4 d6 2. Nf3 Nf6 3. Nc3 g6 4. d4 Bg7 5. h3 c5 6. dxc5 Qa5 7. Bd2 Qxc5 8. Bd3 O-O 9. O-O a6 10. a4 Nc6 11. a5 Ne5 12. Nxe5 Qxe5 13. Be3 Qe6 14. f4 Bd7 15. Qe2 Bc6 16. Bc4 Qd7 17. Bb6 Nh5 18. Qd3 e5 19. fxe5 Bxe5 20. Bd4 Nf4 21. Qe3 Bxd4 22. Qxd4 Ne6 23. Qf6 Rac8 24. Bd5 Rce8 25. Rad1 Qe7 26. Qxe7 Rxe7 27. Bxc6 bxc6 28. Rxd6 Rc8 29. Rfd1 Kg7 30. Rd7 Rce8 31. Rxe7 Rxe7 32. Kf2 Ng5 33. Rd6 Re5 34. h4 Nxe4+ 35. Nxe4 Rxe4 36. Rxc6 Rxh4 37. Rxa6 Ra4 38. Kf3 Ra2 39. b4 Rxc2 40. b5 h5 41. Rc6 Ra2 42. a6 g5 43. Rc7 Kg6 44. a7 g4+ 45. Ke4 f5+ 46. Kd3 h4 47. Rc6+ Kg5 48. Ra6 1-0

[Event "Niedersachsen Jubilaeumsturnier Open A 2"]
[Site "Wolfsburg"]
[Date "2024.11.15"]
[Round "1.18"]
[White "Nguyen, Phuc Nhat"]
[Black "Prahl, Niklas"]
[Result "1-0"]
[ECO "B90"]
[WhiteElo "2007"]
[BlackElo "1848"]
[Annotator "RC"]
[PlyCount "103"]
[EventDate "2024.11.15"]
[EventCountry "GER"]
[SourceTitle "playchess.com"]
[Source "ChessBase"]
[SourceQuality "1"]
[TimeControl "5400+30"]

1. e4 c5 2. Nf3 d6 3. d4 cxd4 4. Nxd4 Nf6 5. Nc3 a6 6. Be3 e5 7. Nb3 Be6 8. f3 Be7 9. Qd2 Nbd7 10. O-O-O O-O 11. g4 b5 12. g5 Nh5 13. Nd5 Bxd5 14. exd5 Qc7 15. Na5 Rfc8 16. Nc6 Bf8 17. Bh3 g6 18. Bg4 Ng7 19. h4 Nf5 20. Bxf5 gxf5 21. Qd3 f4 22. Bf2 Nb8 23. h5 Nxc6 24. dxc6 Kh8 25. g6 h6 26. Bh4 Qxc6 27. Bf6+ Bg7 28. Bxg7+ Kxg7 29. gxf7 e4 30. fxe4 Kxf7 31. Rhf1 Qc4 32. Rxf4+ Kg7 33. Rg1+ Kh7 34. Qxc4 Rxc4 35. Rf7+ Kh8 36. Rf6 Ra7 37. Rxh6+ Rh7 38. Rgg6 Rxe4 39. Rxd6 Re5 40. Rd8+ Kg7 41. Rg6+ Kf7 42. Rd7+ Re7 43. Rxe7+ Kxe7 44. h6 a5 45. Rg7+ Rxg7 46. hxg7 Kf7 47. c4 bxc4 48. Kc2 Kxg7 49. Kc3 Kf6 50. Kxc4 Ke6 51. Kb5 Kd5 52. Kxa5 1-0

[Event "Niedersachsen Jubilaeumsturnier Open A 2"]
[Site "Wolfsburg"]
[Date "2024.11.15"]
[Round "1.19"]
[White "Hendler, Markus"]
[Black "Noack, Reiner"]
[Result "1/2-1/2"]
[ECO "C02"]
[WhiteElo "1843"]
[BlackElo "2003"]
[Annotator "RC"]
[PlyCount "110"]
[EventDate "2024.11.15"]
[EventCountry "GER"]
[SourceTitle "playchess.com"]
[Source "ChessBase"]
[SourceQuality "1"]
[TimeControl "5400+30"]

1. e4 e6 2. d4 d5 3. e5 c5 4. c3 Qb6 5. Nf3 Nc6 6. Na3 cxd4 7. cxd4 Bb4+ 8. Bd2 Bd7 9. Nc2 Bxd2+ 10. Qxd2 Nge7 11. Bd3 Rc8 12. b4 Nf5 13. Bxf5 exf5 14. O-O Ne7 15. Rfc1 O-O 16. Ne3 f4 17. Nd1 Qh6 18. Rxc8 Rxc8 19. Rc1 Rc6 20. Rxc6 bxc6 21. Qc1 g5 22. Qc5 Nc8 23. Qa5 Bf5 24. Qd8+ Kg7 25. Qxg5+ Qxg5 26. Nxg5 Kg6 27. Nf3 Bg4 28. Nc3 Bxf3 29. gxf3 Ne7 30. b5 cxb5 31. Nxb5 Nc6 32. Kg2 Kf5 33. Kh3 a6 34. Nd6+ Ke6 35. Kg4 Nxd4 36. Nb7 Kxe5 37. Nc5 f5+ 38. Kh5 Nxf3 39. Nxa6 Nxh2 40. Nb4 Nf3 41. a4 Nd4 42. a5 Ke4 43. a6 Nb5 44. Nc6 Kd3 45. Kg5 Ke4 46. a7 Nxa7 47. Nxa7 h6+ 48. Kxh6 Kf3 49. Kg5 Kxf2 50. Kxf4 d4 51. Nb5 d3 52. Nc3 d2 53. Kxf5 Ke1 54. Ke4 d1=Q 55. Nxd1 Kxd1 1/2-1/2

[Event "Niedersachsen Jubilaeumsturnier Open A 2"]
[Site "Wolfsburg"]
[Date "2024.11.15"]
[Round "1.20"]
[White "Hlavchev, Ivan"]
[Black "Graf, David"]
[Result "1-0"]
[ECO "C42"]
[WhiteElo "1973"]
[BlackElo "1836"]
[Annotator "RC"]
[PlyCount "49"]
[EventDate "2024.11.15"]
[EventCountry "GER"]
[SourceTitle "playchess.com"]
[Source "ChessBase"]
[SourceQuality "1"]
[TimeControl "5400+30"]

1. e4 e5 2. Nf3 Nf6 3. Nxe5 d6 4. Nf3 Nxe4 5. Nc3 Nxc3 6. dxc3 Be7 7. Be3 Nc6 8. Qd2 Be6 9. O-O-O Qd7 10. Kb1 O-O-O 11. Nd4 Nxd4 12. Qxd4 c5 13. Qxg7 Rdg8 14. Qh6 Rg6 15. Qf4 d5 16. h3 Rf6 17. Qe5 Qd6 18. Bf4 Rd8 19. Qxf6 Bxf6 20. Bxd6 Rxd6 21. g4 Rb6 22. Rd3 d4 23. cxd4 Bxd4 24. c3 Bd5 25. f3 1-0